 Dungeon Crawl Stone Soup version 0.29.1-15-g9cfb28693d (webtiles) character file.

Game seed: 17972342182646070335

97 PhantomBowie the Shield-Bearer (level 4, 0/41 HPs)
             Began as a Minotaur Fighter on Mar 2, 2023.
             Succumbed to an orc's poison
             ... on level 3 of the Dungeon.
             The game lasted 00:05:48 (2021 turns).

PhantomBowie the Shield-Bearer (Minotaur Fighter)   Turns: 2021, Time: 00:05:48

Health: 0/41       AC: 12    Str: 22    XL:     4   Next: 42%
Magic:  3/3        EV:  7    Int:  5    God:
Gold:   134        SH:  4    Dex: 10    Spells: 3/3 levels left

rFire   . . .      SeeInvis .   a - +0 flail
rCold   . . .      Faith    .   c - +0 buckler
rNeg    . . .      Spirit   .   g - +0 chain mail
rPois   .          Reflect  .   (helmet restricted)
rElec   .          Harm     .   f - +0 cloak
rCorr   .          Rampage  .   (no gloves)
Will    .....                   n - +0 pair of boots
Stlth   ..........              (no amulet)
HPRegen 0.13/turn               (no ring)
MPRegen 0.08/turn               (no ring)

@: lethally poisoned (0 -> -5)
A: horns 2, retaliatory headbutt
a: no special abilities


You were on level 3 of the Dungeon.
You visited 1 branch of the dungeon, and saw 3 of its levels.

You collected 134 gold pieces.

Inventory:

Hand Weapons
 a - a +0 flail (weapon)
Armour
 c - a +0 buckler (worn)
 f - a +0 cloak (worn)
 g - a +0 chain mail (worn)
 n - a +0 pair of boots (worn)
Scrolls
 b - a scroll of silence {unknown}
 h - a scroll of blinking {unknown}
 k - a scroll of poison {unknown}
 m - a scroll of enchant weapon {unknown}
 o - 2 scrolls of identify {unknown}
Potions
 d - a potion of might
 e - a potion of mutation {unknown}
 i - a potion of flight {unknown}
 j - a potion of brilliance {unknown}
 l - a potion of heal wounds {unknown}


   Skills:
 + Level 4.4 Fighting
 + Level 3.5 Maces & Flails
 + Level 4.4 Armour
 + Level 4.5 Shields


You had 3 spell levels left.
You didn't know any spells.
Your spell library was empty.

Dungeon Overview and Level Annotations

Branches:
Dungeon (3/15)

Altars:

Shops:
D:3 =


Innate Abilities, Weirdness & Mutations

You have a pair of horns on your head.
You reflexively headbutt those who attack you in melee.


Message History

The orc hits you but does no damage.
You barely miss the orc. You headbutt the orc.
The orc is heavily wounded.
The orc hits you but does no damage.
You sock the orc!
You kill the orc!
You closely miss the orc. The orc hits you but does no damage.
You are poisoned.
You hit the orc.
The orc is heavily wounded.
You feel very sick. The orc hits you but does no damage.
An orc comes into view. It is wielding a +0 hand axe.
The orc hits you with a +1 dagger of venom.
You are more poisoned.
You barely miss the orc.
The orc is heavily wounded.
You feel very sick. The orc hits you but does no damage.
You are more poisoned.
You sock the orc!
You kill the orc!
You feel very sick.
You closely miss the orc. Your headbutt misses the orc.
You feel very sick. The orc hits you with a +0 hand axe.
You hit the orc but do no damage.
You feel very sick. The orc barely misses you.
The orc hits you but does no damage.
You thump the orc!
The orc is almost dead.
* * * LOW HITPOINT WARNING * * *
You feel very sick. The orc hits you with a +0 hand axe.
* * * LOW HITPOINT WARNING * * *
You thump the orc!
You kill the orc!
* * * LOW HITPOINT WARNING * * *
You feel very sick.
You die...

#. #. ##.#
... .o #.
###)#########
#...))@.....#
###########.#
#8.....## #.#
#..≈≈≈..# #.#
#.≈≈≈≈≈.###.#
#∩≈≈≈≈≈..##.#
#.≈≈≈≈≈.....#
#..≈≈≈...####
#8.....#.#


There were no monsters in sight!

Vanquished Creatures
  4 adders (D:2)
  A worm (D:2)
  A dart slug (D:2)
  4 orcs (D:3)
  5 ball pythons
  7 endoplasms
  3 giant cockroaches
  A goblin (D:1)
  5 hobgoblins
  5 kobolds
  A quokka (D:2)
  3 bats
  5 frilled lizards
  8 rats
53 creatures vanquished.

Vanquished Creatures (others)
  A fungus (D:2)
1 creature vanquished.

Grand Total: 54 creatures vanquished

Notes
Turn   | Place    | Note
-------+----------+-------------------------------------------
     0 | D:1      | PhantomBowie the Minotaur Fighter began the quest for the
                  | Orb.
     0 | D:1      | Reached XP level 1. HP: 19/19 MP: 0/0
   464 | D:1      | Reached XP level 2. HP: 27/27 MP: 1/1
   963 | D:2      | Reached XP level 3. HP: 26/33 MP: 2/2
  1170 | D:2      | Found a faded altar of an unknown god.
  1441 | D:2      | Reached XP level 4. HP: 25/40 MP: 3/3
  1965 | D:3      | Found Huablem's Jewellery Shop.
  2020 | D:3      | HP: 1/41 [poisoned by an orc]
  2021 | D:3      | Succumbed to an orc's poison

Illustrated notes

Levels and vault maps discovered:
D:1:      beargit_arrival_greenhouse, layout_basic
D:2:      minmay_razor_zed, layout_rooms, shapermc_ecumenical_altar_ellora
D:3:      layout_loops_cross, nicolae_hepliaklqana_hippocampus, serial_shops,
          nicolae_lakefront_shop, uniq_ijyb

Skill      XL: |  1  2 |
---------------+-------+-----
Fighting       | 4 |  4.4
Armour         | 4 |  4.4
Shields        | 4 |  4.5
Maces & Flails | 3 |  3.5

Action                   |  1- 3 |  4- 6 || total
-------------------------+-------+-------++-------
Melee: Flail             |    70 |    41 ||   111
       Headbutt          |     7 |     3 ||    10
Armor: Scale mail        |     6 |       ||     6
       Chain mail        |    27 |    23 ||    50
Dodge: Dodged            |    18 |    14 ||    32
Block: Buckler           |    10 |     5 ||    15
